Map: Ruby Rock LE

Players

Scar

  • Race: Zerg Zerg
  • League: Diamond
  • Spawn Location: 5:00

HoldTheDoor - Winner!

  • Race: Protoss Protoss
  • League: Diamond
  • Spawn Location: 11:00

VOD

Have the link to the VOD?

Description

Time

  • Played on: May 19, 2026, 11:33 a.m.
  • Length: 4:18
Show
View Real Time Build Order
Export as new Build Order

Scar Zerg 

Build Orders: Pool First 

Get SALT Encoding   

  12  0:00  Drone  
  13  0:11  Drone  
  14  0:17  Extractor  
  14  0:18  Drone  
  15  0:35  Spawning Pool  
  14  0:42  Overlord  
  14  1:07  Drone x2  
  14  1:08  Drone  
  17  1:22  Hatchery  
  16  1:27  Zergling x2  
  17  1:36  Zergling x2  
  17  1:37  Queen  
  20  1:51  Zergling x4  
  22  2:24  Hatchery  
  20  3:06  Overlord  
Show
View Real Time Build Order
Export as new Build Order

HoldTheDoor Protoss - Winner!

Build Orders:  

Get SALT Encoding   

  12  0:01  Probe  
  13  0:13  Probe  
  14  0:21  Pylon  
  14  0:25  Probe  
  15  0:35  Probe  
  16  0:43  Probe  
  16  0:46  Gateway  
  17  0:50  Assimilator  
  17  0:53  Probe  
  17  1:05  Probe  
  18  1:12  Forge  
  18  1:17  Probe  
  19  1:32  Zealot  
  19  1:39  Cybernetics Core  
  21  1:49  Photon Cannon  
  21  1:53  Pylon  
  21  2:27  Gateway  
  21  2:32  Nexus  
  21  2:36  Stalker  
  23  2:46  Photon Cannon  
  23  2:47  Shield Battery  
  23  2:53  Pylon  
  21  3:00  Probe  
  22  3:12  Probe  
  23  3:14  Gateway  
Tags
 
Matchup
PvZ
Opening
Pool First
Replay Pack
SC2Mai2026
Spawn Locations
Cross Positions
Add a new tag
Caveats
  • Supply blocks, unpowered buildings, or Contaminate may cause inaccurate times.
  • Supply counts are checked every 10 seconds.